 Dungeon Crawl Stone Soup version 0.32-a0-360-gcd93b57 (webtiles) character file.

Game seed: 15863446299610504933

447 staltz the Ruffian (level 7, -1/70 HPs)
             Began as a Djinni Shapeshifter on Feb 18, 2024.
             Was an Initiate of Elyvilon.
             Slain by a lemure (7 damage)
             ... led by Pikel
             ... on level 3 of the Dungeon.
             The game lasted 00:10:19 (4592 turns).

staltz the Ruffian (Djinni Shapeshifter)            Turns: 4592, Time: 00:10:20

Health: -1/70      AC: 23    Str: 15    XL:     7   Next: 24%
Gold:   211        EV:  2    Int: 13    God:    Elyvilon [......] SH:  0 Dex: 13

rFire   . .          .
                       - Unarmed
rCold   . . .        (no shield)
rNeg    . . .        s - melded +0 ring mail
rPois   ∞            (helmet currently unavailable)
rElec   .            (cloak currently unavailable)
rCorr   .            (gloves currently unavailable)
SInv    .            (boots unavailable)
Will    +....        (no amulet)
Stlth   ++           q - ring of willpower
HPRegen 0.31/turn    o - ring of Joy {Fly Int+2}
MPRegen 0.00/turn

%: infuse magic (-2 HP)
@: tree-form
A: stationary, stasis, torment immunity, boosted hp, sickness immunity, (fire
resistance 2), (cold vulnerability 1), float, innate caster, HP casting, extra
vitality 1
a: Renounce Religion


You were on level 3 of the Dungeon.
You worshipped Elyvilon.
Elyvilon was noncommittal.
You were a tree.
You visited 2 branches of the dungeon, and saw 6 of its levels.

You collected 211 gold pieces.

Inventory:

Armour
 a - a +0 animal skin
 s - a +0 ring mail (melded)
Jewellery
 o - the ring of Joy (right branch) {Fly Int+2}
   (You found it on level 5 of the Dungeon)

   [ring of flight]

   Int+2:     It affects your intelligence (+2).
   Fly:       It grants you flight.
 q - a ring of willpower (left branch)
 u - a ring of positive energy
Talismans
 c - a beast talisman (active)
 d - a flux talisman
 j - a blade talisman
Scrolls
 f - 2 scrolls of identify
 g - a scroll of fear
 h - 2 scrolls of brand weapon
 i - a scroll of blinking {unknown}
 l - a scroll of vulnerability {unknown}
 m - 2 scrolls of amnesia
 n - a scroll of revelation {unknown}
 t - a scroll of enchant weapon {unknown}
Potions
 b - 2 potions of lignification
 k - a potion of resistance {unknown}
 p - a potion of degeneration {unknown}
 r - a potion of cancellation {unknown}


   Skills:
 + Level 1.6 Fighting
 + Level 0.3 Throwing
 + Level 1.9 Armour
 + Level 3.4 Dodging
 + Level 1.4 Stealth
 + Level 5.6 Unarmed Combat
 + Level 3.5 Shapeshifting


You knew the following spells:

 Your Spells              Type           Power      Damage    Failure   Level
a - Sting                 Conj/Alch      0%         1d3       30%         1
b - Jinxbite              Hex            0%         N/A       43%         2
c - Inner Flame           Hex/Fire       0%         N/A       67%         3
Your spell library was empty.

Dungeon Overview and Level Annotations

Branches:
Dungeon (5/15)             Temple (1/1) D:5

Altars:
Cheibriados
Dithmenos
Elyvilon
Fedhas
Gozag
Hepliaklqana
Makhleb
Okawaru
Qazlal
Ru
Trog
Uskayaw
Wu Jian
Xom
Yredelemnul

Shops:
D:1 =

Annotations:
D:4 Dowan, Duvessa, Pikel


Innate Abilities, Weirdness & Mutations

You are a tree.
Your roots penetrate the ground, keeping you stationary.
You cannot be teleported.
You are immune to unholy pain and torment.
Your maximum health is greatly increased.
Your equipment is partially melded.
You are immune to sickness and miasma.
You are immune to poison.
((Your flesh is very heat resistant. (rF++)))
((You are vulnerable to cold. (rC-)))
You float through the air rather than walking.
You learn spells naturally, not from books.
Your magical power is your life essence.
You have superior vitality. (+4 MHP)


Message History

You hit the lemure. Your punch misses the lemure.
The lemure is severely wounded.
The lemure hits you!
You barely miss the lemure.
The lemure is severely wounded.
The lemure hits you.
* * * LOW HITPOINT WARNING * * *
You barely miss the lemure.
The lemure is severely wounded.
The lemure closely misses you.
You hit the lemure.
The lemure is severely wounded.
The lemure hits you!
* * * LOW HITPOINT WARNING * * *
Okay, then.
Okay, then.
You feel better. The lemure hits you.
* * * LOW HITPOINT WARNING * * *
Unknown command.
You barely miss the lemure.
The lemure is severely wounded.
The lemure hits you but does no damage.
You feel better. The lemure hits you.
* * * LOW HITPOINT WARNING * * *
Unknown command.
You hit the lemure.
The lemure is severely wounded.
The lemure hits you.
* * * LOW HITPOINT WARNING * * *
Unknown command.
Your transformation has ended.
You turn into a tree.
Your +0 ring mail melds into your body.
Your roots penetrate the ground.
The lemure hits you but does no damage.
Unknown command.
You barely miss the lemure.
The lemure is severely wounded.
You closely miss the lemure.
The lemure is severely wounded.
The lemure hits you!
You die...

####..#.#.##.##.#
..###.#...##.##.#
#..##)#.####.##.##
##.##...## #.##..####
#..##...###.###....##
##.##....##.######..##
#..#..#..#...# ##..#
#.....##...#.###
##(####
###.#.#.####....♣#
#.....# #...#...#
#...5.# #.....#
#.####..# ##....#
#.....# #.#
##.#####....# #.....#
#.#
#..........###.....#
#.#
#.####.....##......#
#.# #.#
#.######......# ..#
#.# #)# #.)..######
### #.# #)###<######


You could see a lemure.

Vanquished Creatures
  3 lemures (D:4)
  4 bombardier beetles
  An orc priest (D:4)
  Natasha (thrice) (D:4)
  5 adders
  2 ufetubi (D:5)
  3 dart slugs
  2 ribbon worms (D:2)
  7 orcs
  11 ball pythons
  3 bats
  5 endoplasms
  4 giant cockroaches
  6 goblins
  10 hobgoblins
  6 kobolds
  3 quokkas
  3 frilled lizards
  4 rats
85 creatures vanquished.

Notes
Turn   | Place    | Note
-------+----------+-------------------------------------------
     0 | D:1      | staltz the Djinni Shapeshifter began the quest for the Orb.
     0 | D:1      | Reached XP level 1. HP: 17/17 MP: 0/0
   115 | D:1      | Reached XP level 2. HP: 15/22 MP: 0/0
   418 | D:1      | Found Fiunluh's Jewellery Emporium.
   425 | D:1      | Reached XP level 3. HP: 24/27 MP: 0/0
   425 | D:1      | Learned a level 1 spell: Sting
   995 | D:2      | Reached XP level 4. HP: 32/32 MP: 0/0
  1334 | D:2      | Reached skill level 4 in Unarmed Combat
  1357 | D:2      | Found a faded altar of an unknown god.
  1546 | D:2      | Reached XP level 5. HP: 37/37 MP: 0/0
  1546 | D:2      | Learned a level 2 spell: Jinxbite
  1573 | D:2      | Reached skill level 1 in Stealth
  2398 | D:3      | Reached XP level 6. HP: 41/42 MP: 0/0
  2571 | D:4      | Found a sacrificial altar of Ru.
  2611 | D:4      | Reached skill level 5 in Unarmed Combat
  2745 | D:4      | Noticed Natasha
  2757 | D:4      | Killed Natasha
  2827 | D:4      | Noticed Duvessa
  2827 | D:4      | Noticed Dowan
  3083 | D:4      | Reached skill level 1 in Armour
  3166 | D:4      | Noticed Natasha
  3170 | D:4      | Killed Natasha
  3376 | D:4      | Noticed Natasha
  3388 | D:4      | Killed Natasha
  3426 | D:4      | Reached XP level 7. HP: 42/47 MP: 0/0
  3426 | D:4      | Learned a level 3 spell: Inner Flame
  3620 | D:4      | Noticed Pikel
  4038 | D:5      | Entered Level 5 of the Dungeon
  4040 | D:5      | Identified the ring of Joy {Fly Int+2}
  4082 | D:5      | Found a staircase to the Ecumenical Temple.
  4190 | Temple   | Found a transporter.
  4190 | Temple   | Found a transporter.
  4190 | Temple   | Found a transporter.
  4190 | Temple   | Found a transporter.
  4190 | Temple   | Entered the Ecumenical Temple
  4206 | Temple   | Became a worshipper of Elyvilon the Healer
  4592 | D:3      | Slain by a lemure

Illustrated notes

Levels and vault maps discovered:
D:1:      minmay_arrival_up_and_down, layout_basic, serial_shops, shop,
          minivault_26, minmay_hexomino_u4
D:2:      layout_loops_ring, hellmonk_ecumenical_altar_pennies_from_heaven
D:3:      layout_rooms
D:4:      layout_basic, mainiacjoe_overflow_brackets, uniq_duvessa,
          uniq_natasha, uniq_pikel
D:5:      layout_gridville, nicolae_ashenzari_skybound, temple_doors_ab
Temple:   hellmonk_temple_divided_pantheon

Skill      XL: |  1  2  3  4  5  6 |
---------------+-------------------+-----
Shapeshifting  | 3 |  3.5
Unarmed Combat | 4 5 |  5.6
Dodging        | 3 |  3.4
Stealth        | 1 |  1.4
Armour         | 1 |  1.9
Fighting       | |  1.6
Throwing       | |  0.3

Action                     |  1- 3 |  4- 6 |  7- 9 || total
---------------------------+-------+-------+-------++-------
  Melee: Unarmed           |    79 |   168 |    82 ||   329
         Punch             |     2 |     3 |     2 ||     7
  Throw: Dart              |       |     8 |       ||     8
    Use: Scroll            |       |     3 |     2 ||     5
         Potion            |       |       |     3 ||     3
   Stab: Sleeping          |     1 |     3 |       ||     4
 Armour: Animal skin       |    38 |    31 |       ||    69
         Ring mail         |       |    34 |    51 ||    85
         Skin              |       |       |     2 ||     2
  Dodge: Dodged            |    40 |    81 |    53 ||   174

Table legend: (Time is in decaauts)
 A = Elapsed time spent in this place.
 B = Non-inter-level travel time spent in this place.
 C = Inter-level travel time spent in this place.
 D = Time resting spent in this place.
 E = Time spent auto-exploring this place.
 F = Levels seen in this place.
 G = Mean time per level.
                   A        B        C        D        E       F      G
               +--------+--------+--------+--------+--------+-----+--------+
         Total |   4567 |   4325 |    242 |    691 |   2463 |   6 |  761.2 |
       Dungeon |   4530 |   4293 |    237 |    691 |   2463 |   5 |  906.0 |
        Temple |     36 |     31 |      5 |      0 |      0 |   1 |   36.0 |
               +--------+--------+--------+--------+--------+-----+--------+

Top non-repeatable levels by time:
     D:4: 1461 daAuts
     D:1: 954 daAuts
     D:3: 923 daAuts
     D:2: 855 daAuts
     D:5: 335 daAuts
  Temple: 36 daAuts
